 Dungeon Crawl Stone Soup version 0.31-a0-233-g139696dc86 (webtiles) character file.

Game seed: 347333013928793383

569 qw the Shooter (level 7, -3/62 HPs)
             Began as a Minotaur Hexslinger on July 8, 2023.
             Slain by a water moccasin (4 damage)
             ... on level 5 of the Dungeon.
             The game lasted 00:01:32 (3882 turns).

qw the Shooter (Minotaur Hexslinger)                Turns: 3882, Time: 00:01:32

Health: -3/62      AC:  8    Str: 13    XL:     7   Next: 11%
Magic:  7/7        EV: 11    Int: 10    God:
Gold:   250        SH:  0    Dex: 14    Spells: 7/8 levels left

rFire   . . .        Y - +2 sling (elec)
rCold   . . .        (no shield)
rNeg    . . .        d - +0 ring mail
rPois   .            (helmet restricted)
rElec   .            f - +0 cloak
rCorr   .            h - +0 pair of gloves
SInv    .            (no boots)
Will    .....        (no amulet)
Stlth   +            e - +4 ring of protection
HPRegen 0.30/turn    (no ring)
MPRegen 0.10/turn

%: no passive effects
@: about to teleport
A: horns 2, retaliatory headbutt, hooves 1, deformed body
a: no special abilities


You were on level 5 of the Dungeon.
You visited 1 branch of the dungeon, and saw 5 of its levels.

You collected 250 gold pieces.


Innate Abilities, Weirdness & Mutations

You have a pair of horns on your head.
You reflexively headbutt those who attack you in melee.
You have large cloven feet.
Armour fits poorly on your strangely shaped body.


   Skills:
 - Level 5.6 Fighting
 + Level 6.7 Ranged Weapons
 - Level 1.0 Armour
 - Level 2.1 Dodging
 - Level 1.0 Spellcasting
 - Level 2.0 Hexes


You had 7 spell levels left.
You knew the following spells:

 Your Spells              Type           Power      Damage    Failure   Level
a - Slow                  Hex            16%        N/A       32%         1

Your spell library contained the following spells:

 Spells                   Type           Power      Damage    Failure   Level
 Inner Flame              Hex/Fire       2%         N/A       82%         3
 Portal Projectile        Hex/Tloc       4%         N/A       82%         3
 Cause Fear               Hex            2%         N/A       97%         4

Inventory:

Hand Weapons
 Y - a +2 sling of electrocution (weapon)
Armour
 d - a +0 ring mail (worn)
 f - a +0 cloak (worn)
 h - a +0 pair of gloves (worn)
Jewellery
 e - a +4 ring of protection (left hand)
Scrolls
 i - 3 scrolls of identify
 k - a scroll of revelation {unknown}
 l - a scroll of noise {unknown}
Potions
 a - a potion of mutation
 c - a potion of cancellation
 g - a potion of curing
 j - a potion of enlightenment {unknown}

Dungeon Overview and Level Annotations

Branches:
Dungeon (5/15)
 Temple: D:4-7

Altars:
Ashenzari

Annotations:
D:3 1 runed translucent door, qw's ghost, amateur GrHs
D:5 3 runed translucent doors, Pikel; qw's ghost, amateur DEHu


Message History

You shoot a sling bullet. The sling bullet hits the lemure.
Lightning courses through the lemure!
You kill the lemure!
That felt strangely unrewarding.
The water moccasin closely misses you. The water moccasin barely misses you.
Pikel hits you with a +2 whip of electrocution.
You shoot a sling bullet.
The sling bullet hits Pikel but does no damage.
The water moccasin misses you. Pikel barely misses you.
The water moccasin bites you.
You shoot a sling bullet. The sling bullet hits Pikel.
Lightning courses through Pikel!
Pikel is moderately wounded.
The water moccasin misses you. The lemure hits you but does no damage.
Pikel hits you with a +2 whip of electrocution.
You shoot a sling bullet. The sling bullet barely misses Pikel.
The water moccasin bites you.
Pikel hits you with a +2 whip of electrocution.
You are electrocuted!
The lemure completely misses you. The water moccasin bites you!
You shoot a sling bullet. The sling bullet hits Pikel.
Pikel is moderately wounded.
The water moccasin bites you. The lemure hits you but does no damage.
Pikel hits you with a +2 whip of electrocution.
The water moccasin barely misses you. You furiously retaliate!
You headbutt the water moccasin! You shoot a sling bullet.
The sling bullet hits Pikel but does no damage.
Pikel is moderately wounded.
Pikel closely misses you. You furiously retaliate!
You headbutt Pikel. The lemure hits you but does no damage.
The water moccasin bites you but does no damage.
The lemure barely misses you. You furiously retaliate!
You headbutt the lemure.
Pikel hits you with a +2 whip of electrocution!
You are electrocuted!
3882 ||| READING scroll of teleportation.
As you read the scroll of teleportation, it crumbles to dust.
You feel strangely unstable. The water moccasin bites you.
You die...

. ## .#.. #.#.
#... #.#. ..)
#...###.. .......
.####..#.#
.....5SK5# #@.#
######..######
#............####
..##.#######....#
... ####.# ...#
#.# #... ...
#.####... ..
#########........
...[>....#####...


You could see Pikel, a water moccasin and 2 lemures.

Vanquished Creatures
  Grinder (D:4)
  2 lemures (D:5)
  A scorpion (D:5)
  3 hounds
  An orc priest (D:4)
  An iguana (D:4)
  Robin (D:4)
  5 adders
  A shadow imp (D:3)
  4 orcs (D:4)
  5 ball pythons
  11 endoplasms
  4 giant cockroaches
  15 goblins
  10 hobgoblins
  9 jackals
  8 kobolds
  4 quokkas
  8 bats
  6 frilled lizards
  5 rats
105 creatures vanquished.

Notes
Turn   | Place    | Note
-------+----------+-------------------------------------------
     0 | D:1      | qw the Minotaur Hexslinger began the quest for the Orb.
     0 | D:1      | Reached XP level 1. HP: 16/16 MP: 1/1
     0 | D:1      | 0 ||| qw: Version: 0.3-a-46-gb1f654a
     0 | D:1      | 0 ||| qw: Game counter: 3375
     0 | D:1      | 0 ||| qw: Melee chars always use a shield: true
     0 | D:1      | 0 ||| qw: God list: Okawaru
     0 | D:1      | 0 ||| qw: Allow faded altars: false
     0 | D:1      | 0 ||| qw: Do Orc after clearing Dungeon:15 true
     0 | D:1      | 0 ||| qw: Do second Lair branch before Depths: true
     0 | D:1      | 0 ||| qw: Lair rune preference: random
     0 | D:1      | 0 ||| qw: Goals: Normal
     0 | D:1      | 0 ||| PLANNING D:1-11
   107 | D:1      | Reached skill level 3 in Ranged Weapons
   107 | D:1      | Reached XP level 2. HP: 23/23 MP: 2/2
   350 | D:1      | Reached XP level 3. HP: 29/29 MP: 3/3
   405 | D:1      | 405 ||| FLEEEEING.
   406 | D:1      | 406 ||| FLEEEEING.
   407 | D:1      | 407 ||| FLEEEEING.
   408 | D:1      | 408 ||| FLEEEEING.
   411 | D:1      | 411 ||| FLEEEEING.
   413 | D:1      | 413 ||| FLEEEEING.
   415 | D:1      | 415 ||| FLEEEEING.
   416 | D:1      | 416 ||| FLEEEEING.
   417 | D:1      | 417 ||| FLEEEEING.
   418 | D:1      | 418 ||| FLEEEEING.
   419 | D:1      | 419 ||| FLEEEEING.
   420 | D:1      | 420 ||| FLEEEEING.
   421 | D:1      | 421 ||| FLEEEEING.
   422 | D:1      | 422 ||| FLEEEEING.
   423 | D:1      | 423 ||| FLEEEEING.
   424 | D:1      | 424 ||| FLEEEEING.
   425 | D:1      | 425 ||| FLEEEEING.
   426 | D:1      | 426 ||| FLEEEEING.
   429 | D:1      | 429 ||| FLEEEEING.
   430 | D:1      | 430 ||| FLEEEEING.
   782 | D:1      | 782 ||| UPGRADING to +0 ring mail.
   792 | D:1      | 792 ||| DROPPING +0 robe.
   793 | D:1      | 793 ||| UPGRADING to +0 cloak.
   798 | D:1      | 798 ||| READING scroll labelled ASTOH NUSH.
   851 | D:1      | 851 ||| READING 2 scrolls labelled IFYWOS YFYEFOB.
   852 | D:1      | 852 ||| DROPPING scroll of poison.
   955 | D:2      | Reached skill level 4 in Ranged Weapons
  1029 | D:2      | 1029 ||| DRINKING 2 fuming brown potions.
  1029 | D:2      | Gained mutation: Armour fits poorly on your strangely
                  | shaped body. [potion of mutation]
  1029 | D:2      | Gained mutation: You have large cloven feet. [potion of
                  | mutation]
  1030 | D:2      | 1030 ||| DRINKING 2 fuming inky potions.
  1082 | D:2      | Identified the +1 robe of the Slightly Bent {+Inv Int+3}
  1105 | D:2      | Reached skill level 1 in Armour
  1796 | D:2      | 1796 ||| DROPPING +1 robe of the Slightly Bent {+Inv
                  | Int+3}.
  1797 | D:2      | 1797 ||| UPGRADING to +4 ring of protection.
  1798 | D:2      | 1798 ||| READING scroll labelled VINKYU HY FEME.
  1799 | D:2      | 1799 ||| READING scroll labelled SINUGO RAES.
  1800 | D:2      | 1800 ||| READING 3 scrolls of identify.
  1800 | D:2      | 1800 ||| IDENTIFYING bubbling black potion
  1801 | D:2      | 1801 ||| READING 2 scrolls of identify.
  1801 | D:2      | 1801 ||| IDENTIFYING fizzy purple potion
  1802 | D:2      | 1802 ||| DROPPING potion of lignification.
  1820 | D:3      | Reached XP level 4. HP: 36/36 MP: 4/4
  1828 | D:3      | Found a broken altar of Ashenzari.
  1990 | D:3      | Found a runed translucent door.
  1996 | D:3      | Noticed qw's ghost (amateur GrHs)
  2181 | D:3      | 2181 ||| FLEEEEING.
  2187 | D:3      | 2187 ||| FLEEEEING.
  2188 | D:3      | 2188 ||| FLEEEEING.
  2194 | D:3      | 2194 ||| FLEEEEING.
  2195 | D:3      | 2195 ||| FLEEEEING.
  2196 | D:3      | 2196 ||| FLEEEEING.
  2197 | D:3      | 2197 ||| FLEEEEING.
  2198 | D:3      | 2198 ||| FLEEEEING.
  2202 | D:3      | 2202 ||| FLEEEEING.
  2203 | D:3      | 2203 ||| FLEEEEING.
  2204 | D:3      | 2204 ||| FLEEEEING.
  2205 | D:3      | 2205 ||| FLEEEEING.
  2206 | D:3      | 2206 ||| STAIRDANCE
  2229 | D:2      | 2229 ||| UPGRADING to +0 pair of gloves.
  2234 | D:2      | 2234 ||| READING 2 scrolls labelled QUUVAI YG LIPS.
  2252 | D:3      | 2252 ||| STAIRDANCE
  2362 | D:3      | Reached skill level 5 in Ranged Weapons
  2631 | D:3      | 2631 ||| DROPPING amulet of magic regeneration.
  2675 | D:4      | Reached skill level 3 in Fighting
  2675 | D:4      | Reached XP level 5. HP: 12/45 MP: 5/5
  2884 | D:4      | 2884 ||| FLEEEEING.
  2885 | D:4      | 2885 ||| FLEEEEING.
  2886 | D:4      | 2886 ||| FLEEEEING.
  2887 | D:4      | 2887 ||| FLEEEEING.
  2888 | D:4      | 2888 ||| FLEEEEING.
  2889 | D:4      | 2889 ||| FLEEEEING.
  2890 | D:4      | 2890 ||| FLEEEEING.
  2891 | D:4      | 2891 ||| FLEEEEING.
  2892 | D:4      | 2892 ||| FLEEEEING.
  2893 | D:4      | 2893 ||| FLEEEEING.
  2894 | D:4      | 2894 ||| FLEEEEING.
  2895 | D:4      | 2895 ||| FLEEEEING.
  2901 | D:4      | 2901 ||| STAIRDANCE
  2964 | D:3      | 2964 ||| READING scroll labelled QIMEMO JIOWK.
  3077 | D:4      | Noticed Robin
  3092 | D:4      | Reached skill level 6 in Ranged Weapons
  3094 | D:4      | Killed Robin
  3409 | D:4      | Noticed Grinder
  3418 | D:4      | Killed Grinder
  3419 | D:4      | Reached XP level 6. HP: 57/57 MP: 6/6
  3777 | D:4      | 3777 ||| READING scroll labelled FEDGHE BOIT.
  3778 | D:4      | 3778 ||| READING scroll labelled TOUMPI HEWO NEGH.
  3779 | D:4      | 3779 ||| READING 5 scrolls of identify.
  3779 | D:4      | 3779 ||| IDENTIFYING pink potion
  3780 | D:4      | 3780 ||| READING 4 scrolls of identify.
  3780 | D:4      | 3780 ||| IDENTIFYING purple potion
  3781 | D:4      | 3781 ||| READING 3 scrolls of identify.
  3781 | D:4      | 3781 ||| IDENTIFYING lumpy pink potion
  3782 | D:4      | 3782 ||| DROPPING potion of attraction.
  3783 | D:4      | 3783 ||| DROPPING potion of ambrosia.
  3784 | D:4      | 3784 ||| DROPPING potion of magic.
  3797 | D:5      | Entered Level 5 of the Dungeon
  3803 | D:5      | Reached XP level 7. HP: 59/62 MP: 7/7
  3822 | D:5      | Found a runed translucent gate.
  3822 | D:5      | Found a runed translucent gate.
  3822 | D:5      | Found a runed translucent gate.
  3830 | D:5      | Noticed qw's ghost (amateur DEHu)
  3869 | D:5      | Noticed Pikel
  3881 | D:5      | HP: 10/62 [Pikel/+2 whip of electrocution (9)]
  3881 | D:5      | HP: 1/62 [Pikel/+2 whip of electrocution (9)]
  3882 | D:5      | 3882 ||| READING scroll of teleportation.
  3882 | D:5      | Slain by a water moccasin

Levels and vault maps discovered:
D:1:      saegor_arrival_simple_e, layout_loops_ring, minivault_23,
          minmay_misc_feat_encased
D:2:      layout_basic, nicolae_eternal_life
D:3:      layout_loops_ring, evilmike_ruin_ashenzari,
          ebering_ghost_reflecting_pool, serial_bayou_crossing
D:4:      layout_loops_cross, uniq_robin, uniq_grinder
D:5:      layout_rooms, minmay_temple_entry_mini_moons, serial_shops, shop,
          gammafunk_ghost_necromancy, uniq_pikel, uniq_prince_ribbit1

Skill      XL: |  1  2  3  4  5 |
---------------+----------------+-----
Ranged Weapons | 3 4 5 6 |  6.7
Fighting       | 2 3 5 |  5.6
Armour         | 1 |  1.0
Dodging        | |  2.1
Spellcasting   | |  1.0
Hexes          | |  2.0

Action                     |  1- 3 |  4- 6 |  7- 9 || total
---------------------------+-------+-------+-------++-------
   Fire: Sling             |   132 |   156 |    20 ||   308
    Use: Scroll            |     6 |     7 |     1 ||    14
         Potion            |     2 |       |       ||     2
 Armour: Robe              |     4 |       |       ||     4
         Ring mail         |    12 |    26 |     8 ||    46
         Skin              |    10 |       |       ||    10
  Dodge: Dodged            |    48 |    47 |    15 ||   110

Table legend:
 A = Non-vault XP
 B = Vault XP
 C = Vault XP percentage of total XP
 D = Non-vault monster count
 E = Vault monster count
 F = Vault count percentage of total count
                 A         B        C        D         E       F
            +---------+---------+-------+---------+---------+-------
      Total |     509 |     304 |  37.4 |      92 |      11 |  10.7
            +---------+---------+-------+---------+---------+-------
        D:1 |      61 |       0 |   0.0 |      36 |       0 |   0.0
        D:2 |      33 |       0 |   0.0 |      13 |       0 |   0.0
        D:3 |      64 |       0 |   0.0 |      20 |       0 |   0.0
        D:4 |     221 |     304 |  57.9 |      17 |      11 |  39.3
        D:5 |     130 |       0 |   0.0 |       6 |       0 |   0.0
            +---------+---------+-------+---------+---------+-------
